AoeStats
← Clueless Clown

QS Arena

503234711Analyzed
4v4 RM · 1mo ago on Aug 30, 2026· 24m 9s· 8 players
Game mode
Random Map
Map size
Large (8 player)
Population
200
Speed
Normal
Resources
Standard
Victory
Conquest
Starting age
Dark Age
Ending age
Imperial Age
RankedLock teamsTeams togetherTeam positionsShared explorationLock speedFull tech treeHidden civsTurbo modeCheats
Victory
Defeat
🇪🇸 Bohemians · Spain
1195
+9
🇪🇸 Vietnamese · Spain
1060
+15
🇪🇸 Italians · Spain
945
+20
🇪🇸 Poles · Spain
908
+22
🇻🇳 Burmese · Vietnam
1094
-19
🇺🇸 Burgundians · United States
1040
-17
🇲🇽 Ethiopians · Mexico
1039
-17
🇺🇦 Japanese · Ukraine
971
-13
Clueless Clown
[MIAAU] GM Panzer IV
2:58 Loom
Andrxuv
10:24 Feudal Age
18:49 Castle Age
22:36 Squires
MemeManVai
marna96
7:54 Feudal Age
8:55 Double-Bit Axe
8:53 Horse Collar
9:56 Wheelbarrow
15:36 Castle Age
17:00 Bow Saw
16:51 Heavy Plow
masate_
8:32 Feudal Age
9:04 Double-Bit Axe
10:07 Gold Mining
10:19 Fletching
10:30 Padded Archer Armor
11:58 Horse Collar
18:08 Castle Age
16:55 Padded Archer Armor
18:30 Crossbowman
19:16 Thumb Ring
23:11 Bodkin Arrow
23:32 Leather Archer Armor
alejo8642
8:38 Feudal Age
10:55 Double-Bit Axe
11:43 Loom
12:01 Stone Mining
ElReyFifa69
8:24 Feudal Age
12:07 Castle Age
12:26 Double-Bit Axe
Connection lost

Rejoining the realm…

Still unreachable

The connection could not be restored.

Session expired

The server has moved on; the page needs a fresh start.